 Dungeon Crawl Stone Soup version 0.28-a0-268-g3f656e82c2 (webtiles) character file.

Game seed: 8911100196359116509

10156 Conn the Arsonist (level 11, -2/66 HPs)
             Began as an Octopode Fire Elementalist on Aug 28, 2021.
             Was an Elder of Sif Muna.
             Engulfed by a cloud of flame (18 damage)
             ... on level 10 of the Dungeon.
             The game lasted 00:33:14 (13528 turns).

Conn the Arsonist (Octopode Fire Elementalist)     Turns: 13528, Time: 00:33:15

Health: -2/66      AC:  5    Str: 11    XL:     11   Next: 57%
Magic:  12/23      EV: 14    Int: 24    God:    Sif Muna [****..]
Gold:   528        SH:  0    Dex: 14    Spells: 5/26 levels left

rFire   . . .      SeeInvis +   a - +6 rapier "Tefien Zotay" {freeze, Str+3 Int+3 Dex+2}
rCold   . . .      Faith    .   (no shield)
rNeg    + . .      Spirit   .   (helmet restricted)
rPois   .          Reflect  .   A - macabre finger necklace {rN+}
rElec   .          Harm     .   h - ring of fire
rCorr   +          Rampage  .   q - ring of resist corrosion
Will    .....                   y - +4 ring of protection
Stlth   +++++.....              C - ring of see invisible
HPRegen 0.21/turn               n - ring of ice
MPRegen 0.18/turn               (no ring)
                                (no ring)
                                (no ring)
                                (no ring)

@: no status effects
A: almost no armour, amphibious, 8 rings, camouflage 1, gelatinous body 1,
(nimble swimmer 1), tentacles
a: Renounce Religion, Channel Magic, Forget Spell, Divine Exegesis


You were on level 10 of the Dungeon.
You worshipped Sif Muna.
Sif Muna was greatly pleased with you.
You visited 2 branches of the dungeon, and saw 12 of its levels.
You also visited: Sewer.

You collected 594 gold pieces.
You spent 66 gold pieces at shops.

Inventory:

Hand Weapons
 a - the +6 rapier "Tefien Zotay" (weapon) {freeze, Str+3 Int+3 Dex+2}
   (You acquired it on level 4 of the Dungeon)

   It freezes those it strikes, dealing additional cold damage.
   It can also slow down cold-blooded creatures.
   Str:       It affects your strength (+3).
   Int:       It affects your intelligence (+3).
   Dex:       It affects your dexterity (+2).
 f - a +3 dagger of speed
Missiles
 v - a throwing net
Magical Staves
 b - a staff of conjuration
Jewellery
 h - a ring of fire (left tentacle)
 n - a ring of ice (on tentacle)
 q - a ring of resist corrosion (right tentacle)
 y - a +4 ring of protection (on tentacle)
 A - the macabre finger necklace (around mantle) {rN+}
   (You found it on level 8 of the Dungeon)

   [amulet of nothing]

   It enables you to equip an extra ring.
   rN:        It protects you from negative energy.
 C - a ring of see invisible (on tentacle)
Wands
 d - a wand of charming (18)
 e - a wand of mindburst (10)
 g - a wand of digging (7)
 r - a wand of polymorph (11)
Scrolls
 j - a scroll of blinking
 m - a scroll of teleportation
 s - 2 scrolls of magic mapping
 x - 2 scrolls of amnesia
 z - 2 scrolls of immolation
 B - a scroll of holy word
 D - a scroll of fog
Potions
 c - 3 potions of might
 i - 3 potions of attraction
 k - a potion of flight
 l - 3 potions of curing
 o - a potion of heal wounds
 t - a potion of resistance
 u - 2 potions of haste
 w - 3 potions of magic
 E - 2 potions of brilliance


   Skills:
 + Level 2.7 Fighting
 + Level 5.2 Short Blades
 + Level 4.4 Dodging
 + Level 8.2 Stealth
 + Level 8.3 Spellcasting
 + Level 7.5 Conjurations
 + Level 1.2 Hexes
 + Level 8.6 Fire Magic
 * Level 1.9 Ice Magic
 * Level 1.9 Air Magic
 - Level 5.4 Invocations
 + Level 1.2 Evocations


You had 5 spell levels left.
You knew the following spells:

 Your Spells              Type           Power      Damage    Failure   Level
a - Foxfire               Conj/Fire      100%       2x1d9     1%          1
b - Conjure Flame         Conj/Fire      65%        6-21      1%          3
c - Inner Flame           Hex/Fire       50%        N/A       2%          3
d - Sticky Flame          Conj/Fire      65%        2d8       2%          4
e - Fireball              Conj/Fire      32%        3d14      6%          5
f - Freezing Cloud        Conj/Ice/Air   21%        6-21      36%         5

Your spell library contained the following spells:

 Spells                   Type           Power      Damage    Failure   Level
 Beastly Appendage        Tmut           18%        N/A       6%          1
 Pain                     Necr           36%        1d5       6%          1
 Corpse Rot               Necr/Air       N/A        N/A       6%          2
 Poisonous Vapours        Pois/Air       28%        N/A       6%          2
 Wereblood                Tmut           9%         N/A       10%         2
 Portal Projectile        Hex/Tloc       24%        N/A       14%         3
 Call Canine Familiar     Summ           9%         N/A       19%         3
 Spider Form              Tmut/Pois      4%         N/A       19%         3
 Leda's Liquefaction      Hex/Erth       6%         N/A       43%         4
 Agony                    Necr           9%         N/A       87%         5
 Excruciating Wounds      Necr           4%         N/A       87%         5


Dungeon Overview and Level Annotations

Branches:
Dungeon (11/15)            Temple (1/1) D:4            Lair (0/6) D:9
    Orc (0/2) D:10          Sewer (visited)

Altars:
Ashenzari
Cheibriados
Dithmenos
Elyvilon
Fedhas
Hepliaklqana
Kikubaaqudgha
Makhleb
Okawaru
Qazlal
Ru
Sif Muna
Trog
Uskayaw
Vehumet
Wu Jian
Xom
Yredelemnul
Zin
The Shining One

Shops:
D:2 *?=   D:4 :   D:6 :


Innate Abilities, Weirdness & Mutations

You cannot wear most types of armour.
You are amphibious.
You can wear up to eight rings at the same time.
Your skin changes colour to match your surroundings (Stealth+).
Your rubbery body absorbs attacks. (AC +1, EV +1)
((You are camouflaged near water. (Stealth+)))
You have tentacles for arms and can constrict up to eight enemies at once.


Message History

The orc wizard hits you with a +3 dagger.
The orc wizard gestures at you while chanting.
The magic dart hits you.
You hit the orc wizard. You freeze the orc wizard.
Your grab misses the orc wizard.
The orc wizard is moderately wounded.
You constrict the orc wizard.
The foxfire hits the orc wizard.
The orc wizard is almost dead.
The orc wizard hits you with a +3 dagger.
The orc wizard hits you with a +2 dagger of venom.
An orc zombie comes into view.
You barely miss the orc wizard. You squeeze the orc wizard.
You kill the orc wizard!
Sif Muna accepts your kill.
Unknown command.
Casting: Foxfire (safe; 1% risk of failure)
Confirm with . or Enter, or press ? or * to list all spells.
Aiming: Inner Flame (dangerous; 2% risk of failure)
Press: ? - help, Shift-Dir - straight line, f - orc wizard
Aim: an orc wizard, wielding a +3 dagger and wearing a +0 robe (moderately wounded, chance to affect: 93%)
You feel a surge of power!
The orc wizard is filled with an inner flame.
The orc wizard closely misses you.
Casting: Inner Flame (dangerous; 2% risk of failure)
Confirm with . or Enter, or press ? or * to list all spells.
Aiming: Sticky Flame (dangerous; 2% risk of failure)
Press: ? - help, Shift-Dir - straight line, f/p - orc wizard
Aim: an orc wizard, wielding a +3 dagger and wearing a +0 robe (moderately wounded, inner flame, 100% to hit)
You feel a surge of power!
The sticky flame hits the orc wizard!
Sif Muna accepts your kill.
The orc wizard explodes!
The fiery explosion engulfs you!!
* * * LOW HITPOINT WARNING * * *
The fiery explosion engulfs the two-headed ogre!!
The two-headed ogre is heavily wounded.
The fiery explosion engulfs the orc!!!
You kill the orc!
Sif Muna accepts your kill.
You are engulfed in blazing flames.
You die...

#........# # ..# ##.
#........# #.
....###' #.........
##. .Z..##...
.........# #.# .#
Wv.####...
#........#
##.###Z##..#. #...
#........#
#......Z.>W.= #..<
#........# ##..# #o
Z## #... ##.#######
#.#.##W# .... #...
#....### #.##@#.#..#
#'## ####...#
#.#.O)§.# #.#
#######.###
#..##§##..... #.#
....).....# ###.#.#
#.. #####
..........# ###.#.##
#.####
..........###.#....#
#....
...........##.#.#..#
#...
..........####.#####
#... ..........#
#.########## ####...


You could see a two-headed ogre.

Vanquished Creatures
  Fannar (D:10)
  Erica (D:8)
  A two-headed ogre (D:8)
  Pikel (D:9)
  Joseph (D:8)
  2 trolls (D:9)
  Prince Ribbit (D:5)
  Sigmund (D:3)
  A wyvern (D:10)
  A vampire (D:6)
  3 yaks (D:10)
  Grum (D:9)
  Edmund (D:5)
  2 water moccasins (D:7)
  Purgy (Sewer)
  2 orc warriors
  2 ice beasts
  2 sky beasts
  4 centaurs
  2 ogres
  4 necrophages (D:4)
  4 wolves (D:9)
  3 phantoms
  A lemure (D:9)
  5 kobold brigands
  A gnoll sergeant (D:6)
  3 bullfrogs
  2 scorpions
  2 wyvern zombies
  A wyvern skeleton (D:7)
  6 killer bees (D:9)
  5 wights (D:9)
  2 howler monkeys
  4 centaur zombies
  A crimson imp (D:5)
  2 jellies
  A centaur skeleton (D:7)
  3 orc priests
  2 bullfrog skeletons (D:7)
  3 hounds
  A gnoll shaman (D:5)
  10 orc wizards
  Ijyb (D:3)
  A scorpion zombie (D:4)
  3 iguanas
  Terence (D:3)
  A killer bee zombie (D:7)
  4 ogre zombies (D:10)
  A hound zombie (D:4)
  2 hound skeletons (D:4)
  A howler monkey zombie (D:9)
  15 gnolls
  9 adders
  2 shadow imps
  3 white imps
  An adder zombie (D:4)
  An adder skeleton (D:3)
  3 worms
  5 dart slugs
  18 orcs
  8 endoplasms
  9 giant cockroaches
  8 hobgoblins
  3 jackals (D:4)
  41 kobolds
  2 quokkas (D:3)
  5 ball pythons
  5 bats
  5 frilled lizards
  3 goblins
  A goblin skeleton (D:10)
  2 goblin zombies (D:10)
  2 orc skeletons (D:10)
  8 orc zombies (D:10)
  3 rats
274 creatures vanquished.

Vanquished Creatures (collateral kills)
  14 foxfires (D:4)
14 creatures vanquished.

Vanquished Creatures (others)
  A bush (D:4)
  890 foxfires
  37 plants
928 creatures vanquished.

Grand Total: 1216 creatures vanquished

Notes
Turn   | Place    | Note
-------+----------+-------------------------------------------
     0 | D:1      | Conn the Octopode Fire Elementalist began the quest for the
                  | Orb.
     0 | D:1      | Reached XP level 1. HP: 11/11 MP: 3/3
   364 | D:1      | Reached XP level 2. HP: 17/17 MP: 1/5
  1313 | D:1      | Reached XP level 3. HP: 17/21 MP: 6/6
  1395 | D:2      | Learned a level 3 spell: Conjure Flame
  1690 | D:2      | Found Ymperu's General Store.
  1707 | D:2      | Reached XP level 4. HP: 19/27 MP: 1/7
  1710 | D:2      | Bought 2 potions of lignification for 66 gold pieces
  2105 | D:2      | Found a faded altar of an unknown god.
  2323 | D:2      | Found Uhipnuq's Jewellery Boutique.
  2464 | D:2      | Found Pais's Magic Scroll Emporium.
  2596 | D:3      | Noticed Sigmund
  2864 | D:3      | Learned a level 3 spell: Inner Flame
  2876 | D:3      | Killed Sigmund
  2877 | D:3      | Reached XP level 5. HP: 22/32 MP: 1/9
  2877 | D:3      | Reached XP level 6. HP: 25/37 MP: 1/10
  3019 | D:3      | Found a bloodstained altar of Trog.
  3028 | D:3      | Found a sacrificial altar of Ru.
  3280 | D:3      | Noticed Terence
  3291 | D:3      | Killed Terence
  3556 | D:3      | Noticed Ijyb
  3566 | D:3      | Killed Ijyb
  3567 | D:3      | Reached skill level 1 in Short Blades
  3873 | D:4      | Found Loaqor's Book Boutique.
  3932 | D:4      | Reached XP level 7. HP: 33/42 MP: 5/12
  4108 | D:4      | Identified a scroll of acquirement
  4108 | D:4      | Acquired the +6 rapier "Tefien Zotay" {freeze, Str+3 Int+3
                  | Dex+2}
  4118 | D:4      | Found a hide-covered altar of Uskayaw.
  4197 | D:4      | Found a broken altar of Ashenzari.
  4224 | D:4      | Noticed an angel
  4230 | D:4      | Reached skill level 1 in Evocations
  4234 | D:4      | Found a glowing silver altar of Zin.
  4278 | D:4      | Found a shimmering altar of Xom.
  4321 | D:4      | Found a radiant altar of Vehumet.
  4451 | D:4      | Found a staircase to the Ecumenical Temple.
  4521 | Temple   | Entered the Ecumenical Temple
  4553 | Temple   | Became a worshipper of Sif Muna the Loreminder
  4981 | D:4      | Found a blossoming altar of Fedhas.
  5129 | D:4      | Reached skill level 1 in Fighting
  5130 | D:4      | Reached skill level 5 in Stealth
  5130 | D:4      | Reached skill level 5 in Fire Magic
  5130 | D:4      | Reached XP level 8. HP: 48/48 MP: 10/14
  5284 | D:5      | Entered Level 5 of the Dungeon
  5303 | D:5      | Found a basalt altar of Yredelemnul.
  5322 | D:5      | Found an ornate altar of the Wu Jian Council.
  5558 | D:5      | Noticed Prince Ribbit
  5568 | D:5      | Killed Prince Ribbit
  5639 | D:5      | Reached skill level 5 in Spellcasting
  5691 | D:5      | Reached * piety under Sif Muna
  5763 | D:5      | Found a glowing drain.
  5773 | Sewer    | Entered a sewer
  5917 | Sewer    | Noticed Purgy
  5930 | Sewer    | Killed Purgy
  5931 | Sewer    | Reached XP level 9. HP: 36/54 MP: 9/16
  6172 | D:5      | Noticed Edmund
  6182 | D:5      | Killed Edmund
  6183 | D:5      | Reached skill level 5 in Conjurations
  6789 | D:6      | Learned a level 4 spell: Sticky Flame
  6795 | D:6      | Learned a level 5 spell: Fireball
  6843 | D:6      | Found Javeol's Book Shoppe.
  6867 | D:6      | Reached ** piety under Sif Muna
  7033 | D:6      | Reached skill level 1 in Invocations
  7688 | D:6      | Found a stormy altar of Qazlal.
  7814 | D:6      | Found a hide-covered altar of Uskayaw.
  8006 | D:7      | Reached XP level 10. HP: 60/60 MP: 8/19
  8863 | D:8      | Noticed a two-headed ogre
  8870 | D:8      | Killed a two-headed ogre
  9019 | D:8      | Found the macabre finger necklace {rN+}
  9227 | D:8      | Reached *** piety under Sif Muna
  9289 | D:8      | Found a white marble altar of Elyvilon.
  9431 | D:8      | Noticed Erica
  9440 | D:8      | Killed Erica
  9606 | D:8      | Noticed Joseph
  9623 | D:8      | Killed Joseph
  9624 | D:8      | Reached skill level 1 in Hexes
 10359 | D:9      | Found a staircase to the Lair.
 10446 | D:9      | Noticed Pikel
 10460 | D:9      | Killed Pikel
 10461 | D:9      | Reached skill level 5 in Invocations
 10857 | D:9      | Reached XP level 11. HP: 65/65 MP: 22/22
 10861 | D:9      | Noticed Grum
 10934 | D:9      | Killed Grum
 11606 | D:9      | Learned a level 5 spell: Freezing Cloud
 11668 | D:9      | Reached **** piety under Sif Muna
 12320 | D:10     | Entered Level 10 of the Dungeon
 12641 | D:10     | Found a hazy altar of Hepliaklqana.
 12647 | D:10     | Reached skill level 5 in Short Blades
 12648 | D:10     | Reached skill level 1 in Ice Magic
 12648 | D:10     | Reached skill level 1 in Air Magic
 12795 | D:10     | Identified the +1 leather armour "Wewkex" {Will+}
 12875 | D:10     | Found a staircase to the Orcish Mines.
 13278 | D:10     | Noticed Fannar
 13281 | D:10     | Killed Fannar
 13519 | D:10     | Noticed a two-headed ogre
 13528 | D:10     | Engulfed by a cloud of flame

Illustrated notes

Levels and vault maps discovered:
D:1:      matt_arrival_refuge, layout_loops_ring, skrybe_limestone_x,
          minmay_misc_feat_square
D:2:      minmay_general_purpose_star, layout_rooms,
          chequers_ecumenical_altar_lobes, serial_shops, nicolae_shop_trees,
          shop_fountains, nicolae_shop_waterfront, serial_bayou_pond_d,
          hangedman_abyss_or_decor_lesser_grid
D:3:      layout_loops_ring, nicolae_ru_great_annihilating_truth,
          trog_three_pillars_becter, amcnicky_mini_rare_corridor_liquid,
          uniq_sigmund, uniq_ijyb, uniq_terence
D:4:      layout_loops_ring, grunt_temple_overflow_order_and_chaos_1,
          grunt_temple_overflow_open, fedhas_altar_decomposition,
          nicolae_vehumet_radiance, minmay_temple_entry_waves,
          nicolae_stop_n_shop_1
D:5:      layout_basic, mainiacjoe_overflow_catch_the_wave,
          gup_sewer_entry_bubbles, kennysheep_cross_bottleneck,
          minmay_fire_ice_demons, uniq_prince_ribbit1, uniq_edmund
D:6:      minmay_evil_eye, layout_basic, nicolae_qazlal_scattered_showers,
          serial_shops, nicolae_shop_trees, minmay_misc_feat_doors,
          minmay_ruined_shrine
D:7:      wander_river, layout_cave_pods
D:8:      layout_layer_cave, mainiacjoe_overflow_surrounded_room,
          serial_bayou_lagoon_a, uniq_erica, uniq_joseph
D:9:      minmay_skewed_foursquare, layout_long_grid, uniq_pikel, uniq_grum
D:10:     layout_roguey, lemuel_round_altar, zombieorc1_lemuel, uniq_fannar,
          uniq_harold
D:11:     layout_cave_pools, serial_undead, serial_undead_e, serial_undead_f,
          serial_undead_a, serial_undead_e
Temple:   compressed_dpeg_triangle_lava_temple

Skill      XL: |  1  2  3  4  5  6  7  8  9 10 11 |
---------------+----------------------------------+-----
Stealth        | 3 4 5 6 7 8 |  8.2
Fire Magic     | 4 5 7 8 |  8.6
Spellcasting   | 3 4 5 6 7 8 |  8.3
Conjurations   | 2 3 4 5 7 |  7.5
Dodging        | 3 4 |  4.4
Short Blades   | 1 3 4 5 |  5.2
Evocations     | 1 |  1.2
Fighting       | 1 2 |  2.7
Invocations    | 2 5 |  5.4
Hexes          | 1 |  1.2
Ice Magic      | 1 |  1.9
Air Magic      | 1 |  1.9

Action                   |  1- 3 |  4- 6 |  7- 9 | 10-12 || total
-------------------------+-------+-------+-------+-------++-------
Melee: Unarmed           |     6 |       |       |       ||     6
       Constrict         |     7 |     9 |    18 |     8 ||    42
       Tentacles         |     4 |     4 |    24 |     7 ||    39
       Dagger            |    26 |    76 |       |       ||   102
       Rapier            |       |       |    99 |    62 ||   161
 Cast: Foxfire           |    37 |    68 |   199 |   222 ||   526
       Inner Flame       |       |     1 |     3 |    10 ||    14
       Conjure Flame     |       |       |     3 |     3 ||     6
       Sticky Flame      |       |       |     3 |    16 ||    19
       Fireball          |       |       |       |     7 ||     7
Invok: Channel Magic     |       |       |     1 |       ||     1
Evoke: Wand              |       |     5 |       |       ||     5
  Use: Potion            |       |     4 |     5 |     2 ||    11
       Scroll            |       |     5 |     5 |     7 ||    17
 Stab: Sleeping          |     2 |     4 |    11 |     9 ||    26
Armor: Skin              |     1 |    30 |    28 |    33 ||    92
Dodge: Dodged            |    22 |    29 |    55 |    75 ||   181

Table legend: (Time is in decaauts)
 A = Elapsed time spent in this place.
 B = Non-inter-level travel time spent in this place.
 C = Inter-level travel time spent in this place.
 D = Time resting spent in this place.
 E = Time spent auto-exploring this place.
 F = Levels seen in this place.
 G = Mean time per level.
                   A        B        C        D        E       F      G
               +--------+--------+--------+--------+--------+-----+--------+
         Total |  13495 |  13244 |    251 |   1506 |   8924 |  13 | 1038.1 |
       Dungeon |  13122 |  12886 |    236 |   1410 |   8745 |  11 | 1192.9 |
        Temple |     47 |     32 |     15 |      0 |     19 |   1 |   47.0 |
         Sewer |    325 |    325 |      0 |     96 |    160 |   1 |  325.0 |
               +--------+--------+--------+--------+--------+-----+--------+

Top non-repeatable levels by time:
     D:9: 1807 daAuts
     D:8: 1655 daAuts
     D:1: 1380 daAuts
     D:4: 1367 daAuts
     D:3: 1305 daAuts
     D:5: 1172 daAuts
     D:2: 1148 daAuts
     D:6: 1147 daAuts
     D:7: 931 daAuts
    D:10: 923 daAuts
   Sewer: 325 daAuts
    D:11: 282 daAuts
  Temple: 47 daAuts
